 Dungeon Crawl Stone Soup version 0.19-a0-569-g984bae3 (webtiles) character file.

457 shmeve the Chopper (level 6, -3/72 HPs)
             Began as a Vampire Berserker on June 9, 2016.
             Was a Priest of Trog.
             Slain by Edmund
             ... wielding a +0 dire flail
              (11 damage)
             ... on level 5 of the Dungeon.
             The game lasted 00:09:18 (2495 turns).

shmeve the Chopper (Vampire Berserker)              Turns: 2495, Time: 00:09:19

Health: -3/72      AC:  5    Str: 23    XL:     6   Next: 77%
Magic:  6/6        EV: 13    Int: 10    God:    Trog [***...]
Gold:   237        SH:  0    Dex: 13    Spells: 0 memorised, 5 levels left

rFire  . . .     SeeInvis +     h - -1 war axe (curse)
rCold  . . .     Gourm    .     g - +0 ring mail
rNeg   . . .     Faith    .     (no shield)
rPois  .         Spirit   .     (no helmet)
rElec  .         Dismiss  .     (no cloak)
rCorr  +         Reflect  .     (no gloves)
SustAt .         Harm     .     (no boots)
MR     .....                    (no amulet)
Stlth  ..........               t - ring of stealth
                                j - ring of resist corrosion

@: berserking, regenerating quickly, very quick, not resistant to hostile
enchantments, extremely unstealthy
A: fangs 3, see invisible, unbreathing
a: Berserk, Trog's Hand, Burn Spellbooks, Renounce Religion


You were on level 5 of the Dungeon.
You worshipped Trog.
Trog was most pleased with you.
You were very full.

You visited 1 branch of the dungeon, and saw 5 of its levels.
You also visited: Sewer.

You collected 237 gold pieces.

Inventory:

Hand Weapons
 h - a cursed -1 war axe (weapon)
Armour
 g - a +0 ring mail (worn)
 x - a troll hide {Purgy}
Jewellery
 j - a ring of resist corrosion (left hand)
 o - an uncursed ring of sustain attributes
 t - a ring of stealth (right hand)
Scrolls
 d - 6 scrolls of teleportation
 e - 2 scrolls of magic mapping
 f - 2 scrolls of recharging
 i - a scroll of fog
 k - a scroll of random uselessness
 n - a scroll of identify
 v - a scroll of blinking
Potions
 a - 2 potions of heal wounds {unknown}
 b - 2 potions of magic {unknown}
 c - 8 potions of blood
 l - 2 potions of curing {unknown}
 m - 3 potions of berserk rage {unknown}
 p - a potion of lignification {unknown}
 q - 2 potions of might {unknown}
 s - a potion of agility {unknown}
 u - a potion of brilliance {unknown}


   Skills:
 * Level 4.3 Fighting
 * Level 4.6 Axes
 - Level 1.5 Armour
 * Level 4.3 Dodging
 + Level 3.7 Stealth


You had 5 spell levels left.
You didn't know any spells.

Dungeon Overview and Level Annotations

Branches:
Dungeon (5/15)
 Temple: D:4-7

Altars:

Annotations:
D:5 Edmund


Innate Abilities, Weirdness & Mutations

Your natural rate of healing is unusually fast.
You have razor-sharp teeth.
You have supernaturally acute eyesight. (SInv)
You can survive without breathing.


Message History

Edmund is lightly wounded.
Edmund hits you with a dire flail.
You hit Edmund but do no damage.
Edmund is lightly wounded.
Edmund barely misses you.
A red film seems to cover your vision as you go berserk!
You feel yourself moving faster!
You feel mighty!
You feel somewhat less full. Edmund misses you.
You barely miss Edmund.
Edmund is lightly wounded.
Edmund hits you with a dire flail!
* * * LOW HITPOINT WARNING * * *
You closely miss Edmund. Your bite misses Edmund.
Edmund is lightly wounded.
Edmund hits you with a dire flail!
* * * LOW HITPOINT WARNING * * *
You hit Edmund.
Edmund is moderately wounded.
Edmund hits you with a dire flail!
You die...

#### .... ... #.. #..
... ## #.# #Z# ..#.#
#@# ..##.#.####@###
#..#....##.....#
#...#.#.##.###.###.#
....$..<...# #....#
#...#.#....###.###.#
#..............###
....................
###.###...#.###.##.##
# #...........


You could see Edmund and a worker ant zombie.

Vanquished Creatures
  Purgy (Sewer)
  A centaur (D:5)
  A scorpion (D:4)
  A hound (D:4)
  A giant frog skeleton (D:4)
  8 adders
  An ooze (D:1)
  2 adder skeletons
  2 worms
  2 dart slugs
  6 giant geckos
  5 orcs
  9 bats
  5 giant cockroaches
  3 goblins (D:1)
  9 hobgoblins
  6 jackals (D:2)
  A quokka (D:3)
  A ball python (D:2)
  8 giant newts
  7 kobolds
  7 rats
87 creatures vanquished.

Notes
Turn   | Place    | Note
--------------------------------------------------------------
     0 | D:1      | shmeve the Vampire Berserker began the quest for the Orb.
     0 | D:1      | Reached XP level 1. HP: 17/17 MP: 1/1
    98 | D:1      | Reached XP level 2. HP: 16/23 MP: 2/2
   122 | D:1      | Reached skill level 1 in Stealth
   287 | D:1      | Reached ** piety under Trog
   293 | D:1      | Reached XP level 3. HP: 29/29 MP: 3/3
   853 | D:2      | Reached XP level 4. HP: 35/35 MP: 4/4
  1129 | D:3      | Reached *** piety under Trog
  1599 | D:4      | Reached XP level 5. HP: 30/41 MP: 5/5
  1743 | D:4      | Found a glowing drain.
  1805 | Sewer    | Entered a sewer
  1886 | Sewer    | Noticed Purgy
  1894 | Sewer    | Killed Purgy
  1894 | Sewer    | Reached XP level 6. HP: 46/48 MP: 6/6
  2465 | D:5      | Entered Level 5 of the Dungeon
  2481 | D:5      | Noticed Edmund
  2495 | D:5      | Slain by Edmund

Vault maps used:
D:1:      onia_arrival_pyramid
D:2:      first_bread
D:3:      wad_pebble_path, minmay_stone_trees_small
D:4:      portal_sewer_entry_f
D:5:      gammafunk_temple_overflow_wave, st_stairs_3, evilmike_ruin_ashenzari,
          uniq_edmund
Sewer:    sewer_co_purgy_island

Skill      XL: |  1  2  3  4  5 |
---------------+----------------+-----
Axes           | 3 4 |  4.6
Stealth        | 1 2 3 |  3.7
Fighting       | 3 4 |  4.3
Dodging        | 3 4 |  4.3
Armour         | |  1.5

Action                   |  1- 3 |  4- 6 || total
-------------------------+-------+-------++-------
Melee: Hand axe          |   123 |   163 ||   286
       Bite              |    11 |    17 ||    28
       War axe           |       |    16 ||    16
Invok: Berserk           |     1 |     3 ||     4
  Use: Scroll            |       |    10 ||    10
 Stab: Sleeping          |       |     4 ||     4
  Eat: Corpse            |    13 |    14 ||    27
Armor: Animal skin       |     9 |       ||     9
       Ring mail         |    42 |    75 ||   117
Dodge: Dodged            |   102 |   141 ||   243
